AoeStats
← kovbalu | 144Hz peek. |

Arabia

505845965Analyzed
2v2 RM · 21d ago on Sep 11, 2026· 32m 0s· 4 players
Game mode
Random Map
Map size
Medium (4 player)
Population
200
Speed
Normal
Resources
Standard
Victory
Conquest
Starting age
Dark Age
Ending age
Imperial Age
RankedLock teamsTeams togetherTeam positionsShared explorationLock speedFull tech treeHidden civsTurbo modeCheats
Victory
Defeat
🇭🇺 Khitans · Hungary
1321
+10
🇦🇹 Britons · Austria
1159
+17
🇩🇪 Wei · Germany
1197
-14
🇩🇪 Ethiopians · Germany
1177
-13
abeeele
4:45 Loom
8:57 Feudal Age
9:39 Double-Bit Axe
10:15 Horse Collar
14:46 Wheelbarrow
17:55 Bloodlines
18:55 Scale Barding Armor
20:16 Forging
22:49 Castle Age
21:44 Forging
23:52 Chain Barding Armor
24:02 Husbandry
24:13 Light Cavalry
28:16 Fletching
29:01 Iron Casting
Argonauth
7:37 Loom
9:58 Feudal Age
9:58 Man-at-Arms
15:26 Double-Bit Axe
15:31 Horse Collar
20:25 Fletching
21:19 Padded Archer Armor
23:16 Wheelbarrow
26:58 Castle Age
25:37 Scale Mail Armor
27:19 Crossbowman
28:04 Thumb Ring
28:05 Bodkin Arrow
29:55 Leather Archer Armor
FinalFantasy
5:52 Loom
8:52 Feudal Age
9:48 Double-Bit Axe
10:36 Domestication
14:38 Forging
16:17 Scale Barding Armor
20:03 Gold Mining
23:43 Castle Age
23:49 Light Cavalry
25:12 Iron Casting
25:50 Chain Barding Armor
25:58 Husbandry
30:36 Bow Saw
kovbalu | 144Hz peek. |
7:08 Loom
10:09 Feudal Age
15:20 Double-Bit Axe
16:44 Horse Collar
25:12 Castle Age
23:33 Gold Mining
25:54 Crossbowman
26:30 Fletching
26:53 Forging
26:44 Padded Archer Armor
27:50 Gold Shaft Mining
27:40 Pikeman
29:52 Wheelbarrow
30:00 Bodkin Arrow
30:55 Ballistics
31:15 Bow Saw
31:27 Bodkin Arrow
Connection lost

Rejoining the realm…

Still unreachable

The connection could not be restored.

Session expired

The server has moved on; the page needs a fresh start.